 Dungeon Crawl Stone Soup version 0.19-a0-790-ge39e1af (console) character file.

30 brucemayne the Chopper (level 3, -5/42 HPs)
             Began as a Vampire Berserker on June 26, 2016.
             Was a Follower of Trog.
             Killed by divine providence
             ... invoked by an orc priest
              (10 damage)
             ... on level 3 of the Dungeon.
             The game lasted 00:01:23 (337 turns).

brucemayne the Chopper (Vampire Berserker)           Turns: 337, Time: 00:01:24

Health: -5/42      AC:  3    Str: 22    XL:     3   Next: 3%
Magic:  3/3        EV: 12    Int:  9    God:    Trog [*.....]
Gold:   7          SH:  0    Dex: 13    Spells: 0 memorised, 2 levels left

rFire  . . .     SeeInvis +     a - +0 hand axe
rCold  . . .     Gourm    .     b - +0 animal skin
rNeg   + . .     Faith    .     (no shield)
rPois  .         Spirit   .     f - +0 helmet
rElec  .         Dismiss  .     (no cloak)
rCorr  .         Reflect  .     (no gloves)
SustAt .         Harm     .     (no boots)
MR     .....                    (no amulet)
Stlth  ..........               (no ring)
                                (no ring)

@: berserking, very quick, not resistant to hostile enchantments, extremely
unstealthy
A: fangs 3, see invisible, unbreathing
a: Bat Form, Berserk, Burn Spellbooks, Renounce Religion


You were on level 3 of the Dungeon.
You worshipped Trog.
Trog was aware of your devotion.
You were not thirsty.

You visited 1 branch of the dungeon, and saw 3 of its levels.

You collected 7 gold pieces.

Inventory:

Hand Weapons
 a - a +0 hand axe (weapon)
 g - a cursed -3 morningstar
Armour
 b - a +0 animal skin (worn)
 f - a +0 helmet (worn)
Scrolls
 d - a scroll of identify {unknown}
 e - a scroll of enchant weapon {unknown}
 h - a scroll of teleportation {unknown}
 i - 3 scrolls of amnesia {unknown}
 j - a scroll of enchant armour {unknown}
Potions
 c - 2 potions of blood


   Skills:
 - Level 2.6 Fighting
 + Level 3.8 Axes
 - Level 1.5 Armour
 - Level 2.1 Dodging


You had 2 spell levels left.
You didn't know any spells.

Dungeon Overview and Level Annotations

Branches:
Dungeon (3/15)

Altars:
Makhleb


Innate Abilities, Weirdness & Mutations

You have razor-sharp teeth.
You have supernaturally acute eyesight. (SInv)
You can survive without breathing.


Message History

The orc shouts!
The orc priest calls down the wrath of Beogh upon you.
Beogh smites you!
* * * LOW HITPOINT WARNING * * *
Okay, then.
A red film seems to cover your vision as you go berserk!
You feel yourself moving faster!
You feel mighty!
You feel somewhat more thirsty.
The orc shouts!
You hear an angry hiss.
An adder comes into view.
You feel a strong urge to attack something.
The orc hits you with a club.
* * * LOW HITPOINT WARNING * * *
The orc priest casts a cantrip, but nothing happens.
You hit the orc priest.
The orc priest is heavily wounded.
You barely miss the orc. x2
The orc priest calls down the wrath of Beogh upon you.
Beogh smites you!
You die...

##.........# #.........#
#.†.......# #.........#
#.........#
#######.........# ###
#.............#.####....
#............)#...S.....
#.............#.@.##.##
#.............#ooo#
#......≈......#.o.#
#....≈≈8≈≈....##..#
#...≈≈≈5≈≈§...#...!
#§.§≈.5...≈≈..##..##
#.≈§§§.....≈≈.##..#
#.≈§§.._..§≈§. #..# #.§
.....§


You could see an orc priest, an adder and 3 orcs.

Vanquished Creatures
  2 adders (D:2)
  A giant gecko (D:1)
  A giant cockroach (D:2)
  2 hobgoblins (D:2)
  A quokka (D:3)
  2 bats (D:2)
  A kobold (D:3)
  A rat (D:3)
11 creatures vanquished.

Notes
Turn   | Place    | Note
--------------------------------------------------------------
     0 | D:1      | brucemayne the Vampire Berserker began the quest for the Orb.
     0 | D:1      | Reached XP level 1. HP: 17/17 MP: 1/1
    97 | D:2      | Reached skill level 3 in Axes
    97 | D:2      | Reached XP level 2. HP: 12/23 MP: 2/2
   256 | D:3      | Reached XP level 3. HP: 28/28 MP: 3/3
   319 | D:3      | Found a burning altar of Makhleb.
   337 | D:3      | Killed from afar by an orc priest

Vault maps used:
D:1:      dpeg_arrival_round_a
D:2:      first_bread, minmay_newt_pond, uniq_jessica
D:3:      xom_butterflies, demons_altar

Skill      XL: |  1 |
---------------+----+-----
Axes           | 3 |  3.8
Fighting       | |  2.6
Armour         | |  1.5
Dodging        | |  2.1

Action                   || total
-------------------------++-------
Melee: Hand axe          ||    28
       Bite              ||     1
Invok: Berserk           ||     2
Armor: Animal skin       ||    11
Dodge: Dodged            ||    21
